 Dungeon Crawl Stone Soup version 0.26-a0-30-g56b8cd3df0 (webtiles) character file.

Game seed: 1449767865084742758, levelgen mode: deterministic

2 vurker the Stinger (level 1, -1/15 HPs)
             Began as a Naga Venom Mage on June 1, 2020.
             Slain by a leopard gecko (2 damage)
             ... on level 1 of the Dungeon.
             The game lasted 00:00:26 (114 turns).

vurker the Stinger (Naga Venom Mage)                 Turns: 114, Time: 00:00:27

Health: -1/15      AC:  1    Str: 10    XL:     1   Next: 30%
Magic:  0/3        EV: 10    Int: 15    God:
Gold:   4          SH:  0    Dex: 11    Spells: 3/4 levels left

rFire    . . .     SeeInvis +   (no weapon)
rCold    . . .     Gourm    .   (no shield)
rNeg     . . .     Faith    .   a - +0 robe
rPois    +         Spirit   .   (no helmet)
rElec    .         Reflect  .   (no cloak)
rCorr    .         Harm     .   (no gloves)
MR       .....                  (no barding)
Stlth    ++........             (no amulet)
HPRegen  0.05/turn              (no ring)
MPRegen  0.08/turn              (no ring)

@: very slightly contaminated, very slow
A: large, see invisible, deformed body, poison resistance, slowness 2, slow
metabolism 1, spit poison 1, AC +0
a: Spit Poison


You were on level 1 of the Dungeon.
You were not hungry.

You visited 1 branch of the dungeon, and saw 1 of its levels.

You collected 4 gold pieces.

Inventory:

Armour
 a - a +0 robe (worn)
Potions
 b - a potion of stabbing {unknown}
Comestibles
 e - a ration


   Skills:
 + Level 0.1 Fighting
 - Level 1.5 Dodging
 - Level 3.0 Stealth
 * Level 2.0 Spellcasting
 - Level 1.0 Transmutations
 * Level 4.1 Poison Magic


You had 3 spell levels left.
You knew the following spells:

 Your Spells              Type           Power        Failure   Level  Hunger
a - Sting                 Tmut/Pois      #...         8%          1    #......

Your spell library contained the following spells:

 Spells                   Type           Power        Failure   Level  Hunger
 Poisonous Vapours        Pois/Air       #.....       14%         2    ###....
 Ignite Poison            Fire/Tmut/Pois #.......     32%         3    ###....
 Mephitic Cloud           Conj/Pois/Air  #.......     36%         3    ###....
 Olgreb's Toxic Radiance  Pois           ##......     38%         4    #####..


Dungeon Overview and Level Annotations

Branches:
Dungeon (1/15)

Altars:


Innate Abilities, Weirdness & Mutations

You cannot wear boots.
Your serpentine skin is tough. (AC +0)
You have supernaturally acute eyesight. (SInv)
Armour fits poorly on your strangely shaped body.
Your system is resistant to poisons. (rPois)
You cover ground very slowly.
You have a slow metabolism.
You can spit poison.


Message History

A hobgoblin is nearby!
Aim: a hobgoblin The sting hits the hobgoblin but does no damage.
The hobgoblin is poisoned.
Aim: a hobgoblin (lightly wounded, poisoned)
The sting hits the hobgoblin.
The hobgoblin looks even sicker.
You closely miss the hobgoblin. The hobgoblin barely misses you.
You hit the hobgoblin. The hobgoblin barely misses you.
You barely miss the hobgoblin.
You kill the hobgoblin!
No target in view!
Found a cyan potion.
b - a cyan potion A leopard gecko comes into view.
Found a scroll labeled OWOXAD TURIMO.
A leopard gecko is nearby!
The leopard gecko hisses angrily.
Aim: a leopard gecko You miscast Sting.
You are very lightly contaminated with residual magic.
Nothing appears to happen.
The leopard gecko barely misses you.
The leopard gecko hisses menacingly.
The leopard gecko bites you.
Aim: a leopard gecko The sting hits the leopard gecko but does no damage.
The leopard gecko is poisoned.
The leopard gecko barely misses you.
Aim: a leopard gecko (poisoned)
You miscast Sting.
Nothing appears to happen.
The leopard gecko bites you.
The leopard gecko hisses menacingly.
The leopard gecko bites you.
Aim: a leopard gecko (lightly wounded, poisoned)
The splash of poison misses the leopard gecko.
You feel slightly more hungry. The leopard gecko bites you.
* * * LOW HITPOINT WARNING * * *
You hit the leopard gecko.
The leopard gecko looks more healthy.
The leopard gecko misses you.
You don't have enough magic to cast that spell.
You miss the leopard gecko.
You have got your breath back.
The leopard gecko bites you.
* * * LOW HITPOINT WARNING * * *
The leopard gecko barely misses you.
You hit the leopard gecko but do no damage.
The leopard gecko closely misses you.
You barely miss the leopard gecko. The leopard gecko closely misses you.
You barely miss the leopard gecko. The leopard gecko bites you.
* * * LOW HITPOINT WARNING * * *
Aim: a leopard gecko (severely wounded)
The sting misses the leopard gecko.
The leopard gecko bites you.
You die...

## .. ### .# #.. .# ♣
#.##.###?.♣
#######.##.....♣
........l...#
##############@###.# #
#≈≈≈≈≈≈≈≈≈≈###.###.##
#.#≈8≈≈≈≈≈≈8≈....##...#####
...≈≈8≈≈≈≈8≈≈..#..........#
#≈≈≈####≈≈≈..####...###.#
#≈≈≈#..'≈§≈..#####.## #.#
#≈≈≈#<.'≈≈≈......#.# #.#
#≈≈≈####≈≈≈..###.#.# #.#
#≈≈8≈≈≈≈8≈≈..# #.#.# #.#


You could see a leopard gecko.

Vanquished Creatures
  A hobgoblin (D:1)
  A frilled lizard (D:1)
2 creatures vanquished.

Notes
Turn   | Place    | Note
-------+----------+-------------------------------------------
     0 | D:1      | vurker the Naga Venom Mage began the quest for the Orb.
     0 | D:1      | Reached XP level 1. HP: 15/15 MP: 3/3
   114 | D:1      | Slain by a leopard gecko

Illustrated notes

Levels and vault maps discovered:
D:1:      lightli_arrival_boilingwater, layout_loops_ring, serial_forest,
          infiniplex_forest_pool, infiniplex_forest_end_2,
          infiniplex_forest_clump_medium, infiniplex_forest_straight_4,
          infiniplex_forest_lined_ring, infiniplex_forest_corner_1,
          infiniplex_forest_lined_2

Action                   || total
-------------------------++-------
Melee: Unarmed           ||     9
 Cast: Sting             ||     5
 Abil: Spit Poison       ||     1
Dodge: Dodged            ||     8

Table legend:
 A = Non-vault XP
 B = Vault XP
 C = Vault XP percentage of total XP
 D = Non-vault monster count
 E = Vault monster count
 F = Vault count percentage of total count
                 A         B        C        D         E       F
            +---------+---------+-------+---------+---------+-------
      Total |       3 |       0 |   0.0 |       2 |       0 |   0.0
            +---------+---------+-------+---------+---------+-------
        D:1 |       3 |       0 |   0.0 |       2 |       0 |   0.0
            +---------+---------+-------+---------+---------+-------
